 Dungeon Sprint DCSS version 0.25-a0-681-gdf4e720381 (webtiles) character file.

Game seed: 8840207347325872697, levelgen mode: deterministic

39 MordorOrchid the Chiller (level 3, -4/26 HPs)
             Began as an Octopode Ice Elementalist on Mar 30, 2020.
             Slain by an orc
             ... wielding a +0 short sword
              (8 damage)
             ... in the Dungeon (Sprint IX: "|||||||||||||||||||||||||||||").
             The game lasted 00:01:56 (274 turns).

MordorOrchid the Chiller (Octopode Ice Elementalist) Turns: 274, Time: 00:01:57

Health: -4/26      AC:  1    Str:  7    XL:     3   Next: 45%
Magic:  3/8        EV: 14    Int: 18    God:
Gold:   0          SH:  0    Dex: 12    Spells: 5/9 levels left

rFire    . . .     SeeInvis .   a - +0 club
rCold    . . .     Gourm    .   (no shield)
rNeg     . . .     Faith    .   (helmet restricted)
rPois    .         Spirit   .   (no amulet)
rElec    .         Reflect  .   (no ring)
rCorr    .         Harm     .   (no ring)
MR       .....     NoTele   +   (no ring)
Stlth    +++.......             (no ring)
HPRegen  0.08/turn              (no ring)
MPRegen  0.11/turn              (no ring)
                                (no ring)
                                (no ring)

@: hasted, very quick
A: almost no armour, stealthy swim, amphibious, 8 rings, constrict 8, camouflage
1, gelatinous body 1
a: no special abilities


You were in the Dungeon.
You were not hungry.

You visited 1 branch

Inventory:

Hand Weapons
 a - a +0 club (weapon)
Scrolls
 h - a scroll of blinking
Potions
 c - a potion of curing
 d - a potion of heal wounds
 f - 2 potions of magic
 g - a potion of berserk rage
Comestibles
 b - a ration


   Skills:
 - Level 3.0 Fighting
 * Level 3.5 Dodging
 - Level 3.0 Stealth
 * Level 3.7 Spellcasting
 - Level 5.0 Ice Magic


You had 5 spell levels left.
You knew the following spells:

 Your Spells              Type           Power        Failure   Level  Hunger
a - Freeze                Ice            ###.         1%          1    None
b - Frozen Ramparts       Ice            ###...       6%          3    ###....

Your spell library contained the following spells:

 Spells                   Type           Power        Failure   Level  Hunger
 Ozocubu's Armour         Chrm/Ice       ##......     16%         3    ###....
 Hailstorm                Conj/Ice       ##......     47%         4    ####...
 Summon Ice Beast         Ice/Summ       ##......     47%         4    ####...


Dungeon Overview and Level Annotations

Branches:
Dungeon (1/1)

Altars:


Innate Abilities, Weirdness & Mutations

You cannot wear most types of armour.
You are very stealthy in the water. (Stealth+)
You are amphibious.
You can wear up to eight rings at the same time.
You can use your tentacles to constrict eight enemies at once.
Your skin changes colour to match your surroundings (Stealth+).
Your rubbery body absorbs attacks. (AC +1, EV +1)


Message History

The howler monkey hoots and howls with incredible vigour!
You close the door.
Memorise Frozen Ramparts, consuming 3 spell levels and leaving 5?
You start memorising the spell.
You continue memorising. x3
The orc closely misses you.
You finish memorising.
Spell assigned to 'b'.
Casting: Freeze (safe; 1% risk of failure)
Confirm with . or Enter, or press ? or * to list all spells.
There are no walls around you to affect.
Unknown command.
The orc barely misses you.
The howler monkey hoots and howls with incredible vigour!
The orc hits you with a +0 short sword.
* * * LOW HITPOINT WARNING * * *
The orc hits you with a +0 short sword.
* * * LOW HITPOINT WARNING * * *
The orc barely misses you. The orc misses you.
The orc hits you with a +0 short sword!
You die... ▓▓▓▓▓▓▓▓▓▓▓▓▓▓▓▓▓▓ ▓<..@ochZ..†Z....+ ▓▓▓▓▓▓▓▓▓▓▓▓▓▓▓▓▓▓

You could see a centaur, a howler monkey, an orc and a jackal zombie.

Vanquished Creatures
  A hound (D)
  A bat (D)
  A goblin (D)
  2 hobgoblins (D)
  A jackal (D)
6 creatures vanquished.

Notes
Turn   | Place    | Note
-------+----------+-------------------------------------------
     0 | D        | MordorOrchid the Octopode Ice Elementalist began the quest
                  | for the Orb.
     0 | D        | Reached XP level 1. HP: 11/11 MP: 3/3
    24 | D        | Reached skill level 5 in Ice Magic
    24 | D        | Reached XP level 2. HP: 4/18 MP: 0/5
   251 | D        | Noticed a centaur
   251 | D        | Noticed a howler monkey
   254 | D        | Reached XP level 3. HP: 10/26 MP: 2/8
   266 | D        | Learned a level 3 spell: Frozen Ramparts
   274 | D        | Slain by an orc

Levels and vault maps discovered:
D:        linesprint [early_d, line_temple, items_1, d_10, items_2, lair_1,
          lair_end, items_3, orc_1, orc_end, items_4, d_15, swamp_1, shoals_1,
          snake_1, spider_1, d_20, vaults_1, items_5, swamp_end, shoals_end,
          snake_end, spider_end, vaults_end, d_27, items_6, zot_1, zot_end,
          crypt_end, forest_end, elf_end, slime_end, tomb_end, abyss_end,
          pan_hell_end]

Skill      XL: |  1  2 |
---------------+-------+-----
Stealth        | 3 |  3.0
Ice Magic      | 5 |  5.0
Fighting       | 3 |  3.0
Dodging        | 3 |  3.5
Spellcasting   | 3 |  3.7

Action                   || total
-------------------------++-------
Melee: Club              ||     7
       Constrict         ||     3
       Tentacles         ||     2
       Unarmed           ||     1
 Cast: Freeze            ||     7
  Use: Potion            ||     1
Armor: Skin              ||     2
Dodge: Dodged            ||    15

Table legend:
 A = Non-vault XP
 B = Vault XP
 C = Vault XP percentage of total XP
 D = Non-vault monster count
 E = Vault monster count
 F = Vault count percentage of total count
                 A         B        C        D         E       F
            +---------+---------+-------+---------+---------+-------
      Total |       0 |      56 | 100.0 |       0 |       6 | 100.0
            +---------+---------+-------+---------+---------+-------
          D |       0 |      56 | 100.0 |       0 |       6 | 100.0
            +---------+---------+-------+---------+---------+-------
